 Dungeon Crawl Stone Soup version 0.26.1-11-gd32895ea62 (webtiles) character file.

Game seed: 17905743514221045095

477 DearestLeader the Caller (level 7, -1/48 HPs)
             Began as a Merfolk Summoner on Apr 22, 2021.
             Slain by Sigmund
             ... wielding a +7 vorpal scythe
              (2 damage)
             ... on level 5 of the Dungeon.
             The game lasted 00:13:32 (6170 turns).

DearestLeader the Caller (Merfolk Summoner)         Turns: 6170, Time: 00:13:33

Health: -1/48      AC:  4    Str:  9    XL:     7   Next: 11%
Magic:  3/10       EV: 13    Int: 16    God:
Gold:   297        SH:  0    Dex: 20    Spells: 4/10 levels left

rFire    + . .     SeeInvis .   l - +0 trident
rCold    . . .     Faith    .   (no shield)
rNeg     + . .     Spirit   .   i - +1 leather armour {rF+}
rPois    .         Reflect  .   (no helmet)
rElec    .         Harm     .   (no cloak)
rCorr    .         Rampage  .   (no gloves)
Will     .....                  (no boots)
Stlth    ++........             b - amulet of the acrobat
HPRegen  0.16/turn              s - ring of positive energy
MPRegen  0.12/turn              n - +6 ring of dexterity

@: very slightly contaminated, invisible
A: change form in water, swift swim, stealthy swim
a: no special abilities


You were on level 5 of the Dungeon.
You visited 1 branch of the dungeon, and saw 5 of its levels.

You collected 297 gold pieces.

Inventory:

Hand Weapons
 d - a +0 hunting sling
 h - a +0 hand crossbow
 l - a +0 trident (weapon)
Missiles
 k - 10 poisoned darts (quivered)
 p - 4 silver boomerangs
Armour
 e - a +0 buckler
 i - a +1 leather armour of fire resistance (worn)
 q - a +0 robe of positive energy
Jewellery
 b - an amulet of the acrobat (around neck)
 f - an uncursed ring of resist corrosion
 n - a +6 ring of dexterity (right hand)
 s - a ring of positive energy (left hand)
Wands
 r - a wand of flame (11)
Scrolls
 a - a scroll of remove curse {unknown}
 o - a scroll of immolation {unknown}
 t - 4 scrolls of amnesia
 w - a scroll of teleportation
 x - 3 scrolls of noise {unknown}
 y - 2 scrolls of identify
 z - a scroll of enchant armour {unknown}
Potions
 g - a potion of haste
 m - a potion of flight
 u - a potion of cancellation {unknown}
 v - a potion of degeneration {unknown}


   Skills:
 + Level 1.1 Fighting
 * Level 6.5 Polearms
 - Level 3.0 Dodging
 - Level 2.1 Stealth
 - Level 2.0 Spellcasting
 * Level 6.6 Summonings


You had 4 spell levels left.
You knew the following spells:

 Your Spells              Type           Power        Failure   Level
a - Summon Small Mammal   Summ           88%          1%          1
b - Call Imp              Summ           22%          3%          2
c - Summon Guardian Gole  Hex/Summ       12%          22%         3

Your spell library contained the following spells:

 Spells                   Type           Power        Failure   Level
 Call Canine Familiar     Summ           22%          6%          3
 Summon Ice Beast         Ice/Summ       12%          58%         4
 Summon Lightning Spire   Summ/Air       12%          58%         4


Dungeon Overview and Level Annotations

Branches:
Dungeon (5/15)
 Temple: D:4-7

Altars:

Annotations:
D:5 Sigmund


Message History

You hear some strange, mumbled words.
Something closely misses you.
There is an open door here.
You hear some strange, mumbled words.
A puff of flame appears from out of thin air!
The puff of flame misses you. What are your orders? t - Shout!
Orders for allies: a - Attack new target. r - Retreat! s - Stop attacking. g - Guard the area. f - Follow me.
Anything else - Cancel.
Gang up on whom?
Press: ? - help, Dir - move target There's nothing there!
Reach: l) +0 trident
Press: ? - help, Dir - move target You reach to attack!
You hit something. Something hits you!
* * * LOW HITPOINT WARNING * * *
You die...

.........
#..###.###.#.#.#.##
........ #....#+#...#.#.#.#
...... #.##.......#.#.#.#
...# #..........#.#.#.##
#.########>#.......#.#.#...
#.......##.#.......#.######
#######.##{#.......#.......
#..5.........'.......
##..@........########
#....##.............
#....##......#######
#....#####...# #.......
#.### #....... #.# #.......
#.# #####... #.#
..##...##.####


You could see a friendly white imp (summoned).

Vanquished Creatures
  Blork the orc (D:5)
  A hound (D:4)
  2 jellies (D:5)
  A worker ant (D:5)
  A worker ant zombie (D:5)
  2 adders
  An adder skeleton (D:4)
  4 dart slugs
  2 leopard geckos
  5 orcs (D:3)
  2 ball pythons
  3 bats
  3 giant cockroaches
  6 goblins
  2 hobgoblins (D:3)
  3 jackals
  A quokka (D:3)
  A frilled lizard (D:4)
  A kobold (D:3)
  2 rats (D:3)
44 creatures vanquished.

Vanquished Creatures (collateral kills)
  A black bear (D:4)
  A sky beast (D:5)
  2 orc wizards (D:3)
  A hound (D:4)
  2 orc priests
  3 adders
  3 worms
  A dart slug (D:3)
  2 leopard geckos
  14 orcs
  A bat (D:1)
  A giant cockroach (D:2)
  4 goblins
  2 hobgoblins
  14 jackals
  A quokka (D:3)
  A frilled lizard (D:1)
  A jackal zombie (D:5)
  2 kobolds (D:2)
  4 rats
61 creatures vanquished.

Grand Total: 105 creatures vanquished

Notes
Turn   | Place    | Note
-------+----------+-------------------------------------------
     0 | D:1      | DearestLeader the Merfolk Summoner began the quest for the
                  | Orb.
     0 | D:1      | Reached XP level 1. HP: 13/13 MP: 3/3
   235 | D:1      | Reached XP level 2. HP: 19/19 MP: 1/5
   244 | D:1      | Learned a level 2 spell: Call Imp
   900 | D:1      | Reached skill level 1 in Polearms
  1078 | D:2      | Reached XP level 3. HP: 23/24 MP: 2/6
  1082 | D:2      | Learned a level 3 spell: Summon Guardian Golem
  1705 | D:2      | Reached skill level 5 in Summonings
  1908 | D:3      | Reached XP level 4. HP: 29/30 MP: 2/7
  2080 | D:3      | You fall into a shaft and drop 1 floor!
  2110 | D:4      | Reached XP level 5. HP: 14/35 MP: 3/8
  4097 | D:4      | Noticed a black bear
  4112 | D:4      | Killed a black bear
  4113 | D:4      | Reached skill level 5 in Polearms
  4113 | D:4      | Reached XP level 6. HP: 41/41 MP: 1/9
  4597 | D:5      | Entered Level 5 of the Dungeon
  5728 | D:5      | Noticed Blork the orc
  5742 | D:5      | Killed Blork the orc
  5986 | D:5      | Noticed a sky beast
  5999 | D:5      | Killed a sky beast
  6000 | D:5      | Reached skill level 1 in Fighting
  6000 | D:5      | Reached XP level 7. HP: 48/48 MP: 2/10
  6090 | D:5      | Noticed Sigmund
  6170 | D:5      | HP: 1/48 [something (15)]
  6170 | D:5      | Slain by Sigmund

Illustrated notes

Levels and vault maps discovered:
D:1:      tarquinn_simple_flora_water_a, layout_basic
D:2:      layout_basic
D:3:      layout_loops_cross, minmay_fractal_squares_gapless_5
D:4:      layout_basic
D:5:      layout_basic, uniq_sigmund, uniq_blork_the_orc

Skill      XL: |  1  2  3  4  5  6 |
---------------+-------------------+-----
Polearms       | 1 2 3 5 6 |  6.5
Summonings     | 5 6 |  6.6
Dodging        | 3 |  3.0
Fighting       | 1 |  1.1
Stealth        | |  2.1
Spellcasting   | |  2.0

Action                   |  1- 3 |  4- 6 |  7- 9 || total
-------------------------+-------+-------+-------++-------
Melee: Unarmed           |     6 |       |       ||     6
       Spear             |    84 |   164 |       ||   248
       Whip              |     5 |       |       ||     5
       Trident           |       |    26 |    14 ||    40
Throw: Dart              |       |     2 |       ||     2
 Cast: Summon Small Mamm |    25 |     1 |       ||    26
       Call Imp          |    15 |    53 |     4 ||    72
       Summon Guardian G |       |     3 |     1 ||     4
  Use: Scroll            |     2 |     3 |       ||     5
       Potion            |       |     2 |     2 ||     4
 Stab: Sleeping          |     2 |     4 |       ||     6
       Distracted        |     2 |     1 |       ||     3
Armor: Robe              |     2 |       |       ||     2
       Leather armour    |    27 |    30 |       ||    57
Dodge: Dodged            |    57 |   115 |     8 ||   180
